 Dungeon Crawl Stone Soup version 0.27.1-1-g398f81649c (webtiles) character file.

Game seed: 2995304172190200619

4 Descartes the Vexing (level 1, -2/7 HPs)
             Began as a Felid Wanderer on Sept 16, 2021.
             Frozen to death by an endoplasm (5 damage)
             ... on level 1 of the Dungeon.
             The game lasted 00:00:42 (281 turns).

Descartes the Vexing (Felid Wanderer)                Turns: 281, Time: 00:00:42

Health: -2/7       AC:  1    Str: 10    XL:     1   Next: 50%
Magic:  5/5        EV: 15    Int: 13    God:
Gold:   0          SH:  0    Dex: 13    Spells: 6/6 levels left
                                        Lives:  0   Deaths: 0

rFire    . . .     SeeInvis +   (weapon unavailable)
rCold    . . .     Faith    .   (shield unavailable)
rNeg     . . .     Spirit   .   (armour unavailable)
rPois    .         Reflect  .   (helmet unavailable)
rElec    .         Harm     .   (cloak unavailable)
rCorr    .         Rampage  .   (gloves unavailable)
Will     .....                  (boots unavailable)
Stlth    +.........             (no amulet)
HPRegen  0.02/turn              (no ring)
MPRegen  0.09/turn              (no ring)

@: quick
A: very small, claws 1, fangs 3, see invisible, speed 1, shaggy fur 1, stealthy
paws, no weapons or thrown items, no armour, multi-lived
a: no special abilities


You were on level 1 of the Dungeon.
You visited 1 branch of the dungeon, and saw 1 of its levels.

Inventory:

Scrolls
 a - a scroll of enchant weapon {unknown}
Potions
 b - a potion of degeneration {unknown}


   Skills:
 + Level 0.4 Dodging
 + Level 0.5 Stealth
 + Level 0.3 Unarmed Combat
 - Level 3.0 Spellcasting
 - Level 3.0 Hexes
 - Level 2.0 Summonings
 + Level 1.8 Translocations
 - Level 2.1 Evocations


You had 6 spell levels left.
You didn't know any spells.
Your spell library contained the following spells:

 Spells                   Type           Power      Damage    Failure   Level
 Slow                     Hex            9%         N/A       10%         2
 Blink                    Tloc           N/A        N/A       16%         2
 Call Imp                 Summ           7%         N/A       16%         2
 Freeze                   Ice            4%         1d3       22%         1
 Magic Dart               Conj           4%         1d3       22%         1
 Conjure Flame            Conj/Fire      1%         6-21      56%         3
 Mephitic Cloud           Conj/Pois/Air  1%         N/A       56%         3
 Ozocubu's Armour         Ice            1%         N/A       56%         3


Dungeon Overview and Level Annotations

Branches:
Dungeon (1/15)

Altars:


Innate Abilities, Weirdness & Mutations

You have sharp claws.
You have razor-sharp teeth.
You have supernaturally acute eyesight. (SInv)
You cover ground quickly. (Speed+)
You are covered in fur. (AC +1)
Your paws help you pounce on unaware monsters.
You are incapable of wielding weapons or throwing items.
You cannot wear armour.
You gain extra lives every three experience levels.


Message History

The ball python hisses angrily.
You scratch the ball python.
The ball python is severely wounded.
The ball python completely misses you. The ball python misses you.
The ball python closely misses you. x2
You scratch the ball python.
You kill the ball python!
You scratch the endoplasm.
The endoplasm is lightly wounded.
The endoplasm freezes you.
You are frozen.
You scratch the endoplasm.
The endoplasm is heavily wounded.
The endoplasm freezes you.
You are frozen.
You are too injured to fight recklessly!
You are too injured to fight recklessly!
You are too injured to fight recklessly!
You are too injured to fight recklessly!
You are too injured to fight recklessly!
You are too injured to fight recklessly!
You are too injured to fight recklessly!
You are too injured to fight recklessly!
You are too injured to fight recklessly!
You are too injured to fight recklessly!
You are too injured to fight recklessly!
You are too injured to fight recklessly!
You are too injured to fight recklessly!
You are too injured to fight recklessly!
You are too injured to fight recklessly!
You are too injured to fight recklessly!
You scratch the endoplasm.
The endoplasm is almost dead.
The endoplasm barely misses you.
You scratch the endoplasm but do no damage.
The endoplasm is almost dead.
The endoplasm freezes you.
You are frozen.
Ouch! That really hurt!
You die...

#....โ‰ˆโ‰ˆ.........##
.....โ‰ˆ##.........# .#
.##..............# #..
.................###...
#.....#.##.........#.#
#...............##...#
#....................#
#...............?....#..
................@J.....#
######.....)....#.....##
#...รท..>...#.....#
#..........#......#
######..................
........................
###.........#.##........
........................
...>..........##.....


You could see an endoplasm.

Vanquished Creatures
  A goblin (D:1)
  A hobgoblin (D:1)
  A ball python (D:1)
  A rat (D:1)
4 creatures vanquished.

Notes
Turn   | Place    | Note
-------+----------+-------------------------------------------
     0 | D:1      | Descartes the Felid Wanderer began the quest for the Orb.
     0 | D:1      | Descartes set off with the following items: ; and the
                  | following spells available to memorise: Slow, Call Imp,
                  | Blink, Freeze, Magic Dart, Conjure Flame, Mephitic Cloud,
                  | Ozocubu's Armour
     0 | D:1      | Reached XP level 1. HP: 7/7 MP: 5/5
   281 | D:1      | Frozen to death by an endoplasm

Illustrated notes

Levels and vault maps discovered:
D:1:      denvon_arrival_waterhouse, layout_rooms, nrook_uturn

Action                   || total
-------------------------++-------
Melee: Unarmed           ||    22
       Bite              ||     2
Armor: Skin              ||     1
Dodge: Dodged            ||    17
